 Dungeon Crawl Stone Soup version 0.31-a0-868-g674d60d6f7 (webtiles) character file.

Game seed: 10192520302226603575

9550 Dordric the Carver (level 11, -15/76 HPs)
             Began as a Djinni Warper on Oct 11, 2023.
             Was a High Priest of Makhleb.
             Demolished by an ice devil (20 damage)
             ... on level 11 of the Dungeon.
             The game lasted 00:31:39 (9132 turns).

Dordric the Carver (Djinni Warper)                  Turns: 9132, Time: 00:31:39

Health: -15/76     AC: 15    Str: 16    XL:     11   Next: 76%
Gold:   2428       EV: 11    Int: 18    God:    Makhleb [*****.] SH:  0 Dex: 17

rFire   + + .        y - +4 triple sword (holy)
rCold   . . .        (shield currently unavailable)
rNeg    . . .        m - +8 ring mail "Helur" {Will+ Regen+ Str+3 Int+3}
rPois   ∞            (no helmet)
rElec   +            F - +0 cloak
rCorr   +            l - +0 pair of gloves
SInv    +            (boots unavailable)
Will    ++...        (no amulet)
Stlth   +            V - ring of Tetexuss {rCorr SInv}
HPRegen 1.12/turn    T - ring "Cetenoem" {rElec rC+ rCorr Str+3}
MPRegen 0.00/turn

%: infuse magic (-16 HP)
@: flying
A: sickness immunity, fire resistance 2, cold vulnerability 1, float, innate
caster, HP casting, extra vitality 1
a: Renounce Religion, Minor Destruction, Lesser Servant of Makhleb, Major
Destruction, Greater Servant of Makhleb


You were on level 11 of the Dungeon.
You worshipped Makhleb.
Makhleb was extremely pleased with you.
You visited 1 branch of the dungeon, and saw 11 of its levels.
You also visited: Trove and Ossuary.

You collected 2533 gold pieces.
You spent 105 gold pieces at shops.

Inventory:

Hand Weapons
 a - a +0 falchion
 f - a +1 short sword of speed
 y - a +4 triple sword of holy wrath (weapon)
 I - a +2 great sword
Missiles
 d - 7 darts of dispersal
 D - 12 poisoned darts
 G - a throwing net
 M - 3 atropa-tipped darts
Armour
 b - a +0 leather armour
 j - a +0 ring mail
 l - a +0 pair of gloves (worn)
 m - the +8 ring mail "Helur" (worn) {Will+ Regen+ Str+3 Int+3}
   (You found it on level 2 of the Dungeon)

   Str+3:     It affects your strength (+3).
   Int+3:     It affects your intelligence (+3).
   Will+:     It increases your willpower.
   Regen+:    It increases your rate of health regeneration.
 F - a +0 cloak (worn)
Jewellery
 B - the ring of the Destroying Gods {Wiz rF+ Dex+3}
   (You bought it in a shop on level 4 of the Dungeon)

   [ring of wizardry]

   Wiz:       It improves your spell success rate.
   Dex+3:     It affects your dexterity (+3).
   rF+:       It protects you from fire.
 H - a ring of resist corrosion
 J - a +6 ring of dexterity
 T - the ring "Cetenoem" (right hand) {rElec rC+ rCorr Str+3}
   (You found it in a treasure trove)

   [ring of protection from cold]

   Str+3:     It affects your strength (+3).
   rC+:       It protects you from cold.
   rElec:     It insulates you from electricity.
   rCorr:     It protects you from acid and corrosion.
 V - the ring of Tetexuss (left hand) {rCorr SInv}
   (You found it in a treasure trove)

   [ring of see invisible]

   SInv:      It lets you see invisible.
   rCorr:     It protects you from acid and corrosion.
Wands
 q - a wand of mindburst (18)
 r - a wand of light (21)
 L - a wand of iceblast (12)
 N - a wand of flame (10)
 W - a wand of charming (7)
Scrolls
 c - 6 scrolls of blinking
 g - 2 scrolls of amnesia
 h - 2 scrolls of enchant armour
 o - 7 scrolls of teleportation
 p - a scroll of noise
 s - 2 scrolls of poison
 x - 2 scrolls of immolation
 A - a scroll of vulnerability
 C - 2 scrolls of fear
 K - a scroll of brand weapon {unknown}
 O - 4 scrolls of fog
 U - a scroll of revelation
 X - a scroll of butterflies
Potions
 e - 7 potions of curing
 i - 4 potions of lignification
 k - 3 potions of enlightenment
 n - 4 potions of degeneration
 t - a potion of invisibility {unknown}
 u - a potion of mutation {unknown}
 v - 2 potions of haste {unknown}
 w - 3 potions of attraction
 z - 4 potions of brilliance
 E - a potion of berserk rage {unknown}
 P - a potion of experience {unknown}
 Q - a potion of heal wounds {unknown}
 R - a potion of might {unknown}
 S - a potion of resistance {unknown}


   Skills:
 + Level 5.7 Fighting
 + Level 11.6 Long Blades
 - Level 0.7 Throwing
 - Level 1.0 Armour
 - Level 2.1 Dodging
 - Level 9.0 Spellcasting
 - Level 9.0 Conjurations
 - Level 9.0 Hexes
 - Level 9.0 Summonings
 - Level 9.0 Necromancy
 - Level 9.0 Translocations
 - Level 9.0 Transmutations
 - Level 9.0 Fire Magic
 - Level 9.0 Ice Magic
 - Level 9.0 Air Magic
 - Level 9.0 Earth Magic
 - Level 9.0 Poison Magic


You knew the following spells:

 Your Spells              Type           Power      Damage    Failure   Level
a - Blink                 Tloc           80%        N/A       1%          2
b - Lesser Beckoning      Tloc           80%        N/A       1%          2
c - Teleport Other        Tloc           40%        N/A       1%          3
d - Manifold Assault      Tloc           40%        N/A       4%          4
e - Vhi's Electric Charg  Tloc/Air       80%        N/A       4%          4
f - Sting                 Tmut/Pois      100%       1d8       1%          1
g - Searing Ray           Conj           80%        2d7       1%          2
h - Ozocubu's Armour      Ice            40%        N/A       1%          3
i - Summon Ice Beast      Ice/Summ       40%        N/A       4%          4
j - Leda's Liquefaction   Hex/Erth       20%        N/A       4%          4
Your spell library was empty.

Dungeon Overview and Level Annotations

Branches:
Dungeon (11/15)            Temple (0/1) D:6            Lair (0/5) D:10
Ossuary (visited)
    Orc: D:9-12

Altars:
Makhleb
Qazlal
Uskayaw
Wu Jian
Yredelemnul
Zin
The Shining One

Shops:
D:3 *[?:*   D:4 [[*!   D:10 (

Portals:
Ice
Cave: D:11


Innate Abilities, Weirdness & Mutations

You are immune to sickness and miasma.
You are immune to poison.
Your flesh is very heat resistant. (rF++)
You are vulnerable to cold. (rC-)
You float through the air rather than walking.
You learn spells naturally, not from books.
Your magical power is your life essence.
You have superior vitality. (+4 MHP)


Message History

Found a glaive.
You now have 2413 gold pieces (gained 11).
You now have 2428 gold pieces (gained 15).
K - a scroll labelled RIFYM WALATS
g - 2 scrolls of amnesia (gained 1)
You hear the loud crackling of a very distant melting archway.
Found an escape hatch in the ceiling.
Found a stone staircase leading down.
There is an escape hatch in the ceiling here.
You reach down and open the door.
An ice devil comes into view.
Found a frozen archway.
There is an open door here.
Space momentarily warps into an impossible shape!
You closely miss the ice devil.
Space momentarily warps into an impossible shape!
You barely miss the ice devil. You closely miss the ice devil.
The ice devil hits you but does no damage.
You hit the ice devil.
The ice devil convulses.
The ice devil is moderately wounded.
The ice devil hits you! The ice devil freezes you!!
The ice devil closely misses you.
You slice the ice devil!!
The ice devil convulses!!!
You kill the ice devil!
Makhleb accepts your kill.
You feel better.
Found a short sword.
An ice devil comes into view.
The ice devil hits you! The ice devil freezes you!!
You slash the ice devil!
The ice devil convulses.
The ice devil is moderately wounded.
The ice devil hits you. The ice devil freezes you!!
* * * LOW HITPOINT WARNING * * *
You barely miss the ice devil.
The ice devil is moderately wounded.
The ice devil hits you!
* * * LOW HITPOINT WARNING * * *
The ice devil freezes you!!
You die...

#... #.... ##...# .....#
##### .. ..### ....#
#####.. #.+.##....# ##
#....####.#..@...∩#
.###....(<...'.##4...#
..##.....)...### ...)#
..##..[[.....# ##### .
......[.[†...##### ####..
##....[.....#....##......
.(....)..................
.........................
.......>.................


You could see an ice devil.

Vanquished Creatures
  A two-headed ogre (D:10)
  A boulder beetle (D:11)
  A cyclops (D:11)
  An ice devil (D:11)
  An unseen horror (D:6)
  A guardian mummy (D:10)
  A troll (D:9)
  A shadow (D:7)
  A wyvern (D:9)
  A yak (D:8)
  A basilisk (D:10)
  2 steam dragons
  4 orc warriors
  A hornet zombie (Ossuary)
  A black bear (D:10)
  3 ice beasts
  2 centaurs
  A phantom (D:5)
  A kobold brigand (D:5)
  5 bullfrogs
  2 wyvern zombies (Ossuary)
  3 scorpions
  3 water moccasin zombies (Ossuary)
  2 wights (D:7)
  3 howler monkeys
  6 bullfrog zombies (Ossuary)
  2 centaur zombies (Ossuary)
  3 hounds
  6 orc priests
  10 mummies (Ossuary)
  An iguana (D:5)
  8 orc wizards
  A killer bee zombie (Ossuary)
  A howler monkey zombie (Ossuary)
  6 adders
  4 worms
  4 dart slugs
  23 orcs
  8 ball pythons
  4 bats
  8 endoplasms
  3 giant cockroaches
  5 goblins
  6 hobgoblins
  A jackal (D:1)
  5 quokkas
  5 frilled lizards
  14 kobolds
  8 rats
186 creatures vanquished.

Vanquished Creatures (collateral kills)
  A two-headed ogre (D:9)
  A boulder beetle (D:6)
  A cyclops (D:6)
  A wyvern (D:10)
  4 yaks (D:8)
  2 sky beasts (D:6)
  An ice beast (D:7)
  2 black bears
  A centaur (D:6)
  A wight (D:7)
  A jelly (D:7)
  2 hounds (D:6)
  A sleepcap (D:7)
  An adder (D:6)
  A shadow imp (D:8)
  6 orcs
27 creatures vanquished.

Vanquished Creatures (others)
  An orc wizard (D:8)
1 creature vanquished.

Grand Total: 214 creatures vanquished

Notes
Turn   | Place    | Note
-------+----------+-------------------------------------------
     0 | D:1      | Dordric the Djinni Warper began the quest for the Orb.
     0 | D:1      | Dordric set off with the following spells memorised: Blink,
                  | Lesser Beckoning, Teleport Other, Manifold Assault, Vhi's
                  | Electric Charge.
     0 | D:1      | Reached XP level 1. HP: 18/18 MP: 0/0
    69 | D:1      | Reached skill level 2 in Long Blades
    74 | D:1      | Reached XP level 2. HP: 22/23 MP: 0/0
   388 | D:1      | Found a faded altar of an unknown god.
   395 | D:1      | Reached XP level 3. HP: 27/28 MP: 0/0
   395 | D:1      | Learned a level 1 spell: Sting
   399 | D:1      | Prayed at the altar of an unknown god.
   399 | D:1      | Became a worshipper of Makhleb the Destroyer
   399 | D:1      | Reached * piety under Makhleb
  1328 | D:2      | Reached XP level 4. HP: 27/33 MP: 0/0
  1402 | D:2      | Identified the +8 ring mail "Helur" {Will+ Regen+ Str+3
                  | Int+3}
  1814 | D:3      | Found Fiede Tuo's General Store.
  1850 | D:3      | Reached ** piety under Makhleb
  1858 | D:3      | Found a stormy altar of Qazlal.
  1966 | D:3      | Found Ukhlain's Armour Shoppe.
  1973 | D:3      | Found Meufritu's Assorted Antiques.
  2002 | D:3      | Reached skill level 3 in Long Blades
  2280 | D:3      | Found Gigiowac's Book Boutique.
  2289 | D:3      | Found Erhakk's Magic Scroll Emporium.
  2431 | D:3      | Reached XP level 5. HP: 38/38 MP: 0/0
  2431 | D:3      | Learned a level 2 spell: Searing Ray
  2834 | D:4      | Found Zisil's Armour Shoppe.
  2834 | D:4      | Found Hywkysec's Distillery.
  2844 | D:4      | Found Gotawn's Assorted Antiques.
  2868 | D:4      | Found a sand-covered staircase.
  2872 | Ossuary  | Entered an ossuary
  2950 | Ossuary  | Reached XP level 6. HP: 38/43 MP: 0/0
  2951 | Ossuary  | Reached skill level 4 in Long Blades
  3035 | Ossuary  | Reached XP level 7. HP: 30/49 MP: 0/0
  3035 | Ossuary  | Learned a level 3 spell: Ozocubu's Armour
  3111 | Ossuary  | Reached skill level 5 in Long Blades
  3154 | Ossuary  | Reached *** piety under Makhleb
  3155 | Ossuary  | Reached skill level 5 in Spellcasting
  3155 | Ossuary  | Reached skill level 5 in Conjurations
  3155 | Ossuary  | Reached skill level 5 in Hexes
  3155 | Ossuary  | Reached skill level 5 in Summonings
  3155 | Ossuary  | Reached skill level 5 in Necromancy
  3155 | Ossuary  | Reached skill level 5 in Translocations
  3155 | Ossuary  | Reached skill level 5 in Transmutations
  3155 | Ossuary  | Reached skill level 5 in Fire Magic
  3155 | Ossuary  | Reached skill level 5 in Ice Magic
  3155 | Ossuary  | Reached skill level 5 in Air Magic
  3155 | Ossuary  | Reached skill level 5 in Earth Magic
  3155 | Ossuary  | Reached skill level 5 in Poison Magic
  3244 | Ossuary  | Reached XP level 8. HP: 54/54 MP: 0/0
  3375 | Ossuary  | Reached skill level 6 in Long Blades
  3509 | D:4      | Found Qadoss's Armour Shoppe.
  3517 | D:4      | Bought a shimmering tin ring for 105 gold pieces
  3517 | D:4      | Identified the ring of the Destroying Gods {Wiz rF+ Dex+3}
                  | (You bought it in a shop on level 4 of the Dungeon)
  3979 | D:5      | Entered Level 5 of the Dungeon
  4111 | D:5      | Found a glowing silver altar of Zin.
  4168 | D:5      | Reached XP level 9. HP: 58/58 MP: 0/0
  4168 | D:5      | Learned a level 4 spell: Summon Ice Beast
  4195 | D:5      | Reached skill level 7 in Long Blades
  4288 | D:5      | Reached **** piety under Makhleb
  4520 | D:5      | Found a hide-covered altar of Uskayaw.
  4528 | D:5      | Found a glowing golden altar of the Shining One.
  4531 | D:5      | Found an ornate altar of the Wu Jian Council.
  4832 | D:6      | Found a staircase to the Ecumenical Temple.
  4872 | D:6      | Reached skill level 8 in Long Blades
  4874 | D:6      | Noticed a cyclops
  4893 | D:6      | Killed a cyclops
  4965 | D:6      | Killed an unseen horror
  4966 | D:6      | Reached XP level 10. HP: 34/64 MP: 0/0
  5001 | D:6      | Noticed a boulder beetle
  5067 | D:6      | Killed a boulder beetle
  5068 | D:6      | Reached skill level 9 in Long Blades
  6255 | D:8      | Reached ***** piety under Makhleb
  6259 | D:8      | Reached skill level 10 in Long Blades
  6393 | D:8      | Identified the +0 cloak of Tomorrow {+Inv rCorr Int-5}
  7126 | D:9      | Noticed a two-headed ogre
  7135 | D:9      | Killed a two-headed ogre
  7136 | D:9      | Reached XP level 11. HP: 49/68 MP: 0/0
  7136 | D:9      | Learned a level 4 spell: Leda's Liquefaction
  7596 | D:9      | Found a basalt altar of Yredelemnul.
  7728 | D:10     | Entered Level 10 of the Dungeon
  7917 | D:10     | Noticed a two-headed ogre
  7930 | D:10     | Reached skill level 11 in Long Blades
  7942 | D:10     | Killed a two-headed ogre
  8057 | D:10     | Found a staircase to the Lair.
  8165 | D:10     | Found a portal to a secret trove of treasure.
  8247 | D:10     | Found Wuzacla's Antique Weapon Emporium.
  8368 | D:10     | Identified 3 scrolls of acquirement
  8370 | D:10     | Acquired a +7 demon blade of venom
  8372 | D:10     | Acquired a +4 triple sword of holy wrath
  8373 | D:10     | Acquired 862 gold pieces
  8418 | D:10     | You paid a toll of a +7 demon blade to enter a treasure
                  | trove
  8419 | Trove    | Entered a treasure trove
  8426 | Trove    | Identified the ring "Cetenoem" {rElec rC+ rCorr Str+3}
  8431 | Trove    | Identified the ring of Tetexuss {rCorr SInv}
  8436 | Trove    | Identified the +4 morningstar of Exquisite Torment {flame,
                  | Dex+4}
  8457 | Trove    | Identified the +5 ring mail of Vampiric Thralls {rElec
                  | Regen+}
  8572 | D:11     | Noticed a boulder beetle
  8581 | D:11     | Noticed a cyclops
  8641 | D:10     | Reached skill level 5 in Fighting
  8888 | D:11     | Killed a cyclops
  8954 | D:11     | Killed a boulder beetle
  9122 | D:11     | Found a frozen archway.
  9132 | D:11     | Demolished by an ice devil

Illustrated notes

Levels and vault maps discovered:
D:1:      nzn_arrival_crosshair, layout_loops_ring,
          shapermc_ecumenical_altar_notcrosses, serial_bayou_pond_b,
          minmay_misc_feat_roman, chequers_jeans
D:2:      layout_basic, serial_forest, infiniplex_forest_clump_diagonal,
          infiniplex_forest_pool, infiniplex_forest_clump_small,
          infiniplex_forest_lined_room_3, infiniplex_forest_lined_ring
D:3:      wad_river_or_something, layout_loops_ring, mainiacjoe_overflow_paths,
          serial_shops, nicolae_shop_overgrown_old_shop,
          nicolae_shop_temple_entry_statues_fountains, nicolae_shop_stone, shop,
          nicolae_shop_just_a_little_nook
D:4:      layout_gridville, mainiacjoe_overflow_concentric_impassable,
          nicolae_ossuary_entry_plus, minmay_shop_grid_forest,
          hangedman_decor_peaks_small
D:5:      layout_rooms, minmay_overflow_temple_star_quad, old_standard_altar,
          lexackson_kobold_supper
D:6:      minmay_chambers_of_sixes, layout_basic, minmay_temple_entry_slanted
D:7:      layout_loops_ring
D:8:      layout_basic, bh_walls_and_bars
D:9:      layout_roguey, marbit_many_paths
D:10:     layout_irregular_city, nicolae_kikubaaqudgha_miasma_corner,
          grunt_lair_entry_orc_guard_hut, serial_shops, shop,
          nicolae_trove_entry_path_of_doom
D:11:     layout_cross, portal_ice_cave_demonic_guard, trog_three_pillars_becter

Skill      XL: |  1  2  3  4  5  6  7  8  9 10 11 |
---------------+----------------------------------+-----
Long Blades    | 2 3 4 5 6 8 10 11 | 11.6
Spellcasting   | 3 4 5 6 7 8 9 |  9.0
Conjurations   | 3 4 5 6 7 8 9 |  9.0
Hexes          | 3 4 5 6 7 8 9 |  9.0
Summonings     | 3 4 5 6 7 8 9 |  9.0
Necromancy     | 3 4 5 6 7 8 9 |  9.0
Translocations | 3 4 5 6 7 8 9 |  9.0
Transmutations | 3 4 5 6 7 8 9 |  9.0
Fire Magic     | 3 4 5 6 7 8 9 |  9.0
Ice Magic      | 3 4 5 6 7 8 9 |  9.0
Air Magic      | 3 4 5 6 7 8 9 |  9.0
Earth Magic    | 3 4 5 6 7 8 9 |  9.0
Poison Magic   | 3 4 5 6 7 8 9 |  9.0
Fighting       | 5 |  5.7
Throwing       | |  0.7
Armour         | |  1.0
Dodging        | |  2.1

Action                     |  1- 3 |  4- 6 |  7- 9 | 10-12 || total
---------------------------+-------+-------+-------+-------++-------
  Melee: Short sword       |   115 |   274 |   171 |     2 ||   562
         Falchion          |     4 |       |       |       ||     4
         Punch             |       |     5 |     2 |       ||     7
         Great sword       |       |       |       |   135 ||   135
         Triple sword      |       |       |       |    55 ||    55
   Cast: Searing Ray       |       |     8 |    89 |    11 ||   108
         Ozocubu's Armour  |       |       |     9 |     2 ||    11
         Vhi's Electric Ch |       |       |     1 |       ||     1
         Blink             |       |       |     6 |     1 ||     7
         Manifold Assault  |       |       |     6 |   102 ||   108
         Lesser Beckoning  |       |       |     1 |       ||     1
         Summon Ice Beast  |       |       |    12 |    30 ||    42
         Leda's Liquefacti |       |       |       |     6 ||     6
 Invoke: Minor Destruction |       |     1 |     1 |       ||     2
  Evoke: Wand              |       |       |       |     1 ||     1
    Use: Scroll            |       |     5 |       |    20 ||    25
   Stab: Sleeping          |     1 |       |       |       ||     1
 Armour: Leather armour    |    37 |     3 |       |       ||    40
         Ring mail         |       |   107 |   146 |    68 ||   321
  Dodge: Dodged            |    32 |   117 |   109 |    39 ||   297

Table legend: (Time is in decaauts)
 A = Elapsed time spent in this place.
 B = Non-inter-level travel time spent in this place.
 C = Inter-level travel time spent in this place.
 D = Time resting spent in this place.
 E = Time spent auto-exploring this place.
 F = Levels seen in this place.
 G = Mean time per level.
                   A        B        C        D        E       F      G
               +--------+--------+--------+--------+--------+-----+--------+
         Total |   8947 |   8552 |    395 |    340 |   6209 |  13 |  688.2 |
       Dungeon |   8356 |   7961 |    395 |    340 |   5949 |  11 |  759.6 |
         Trove |     66 |     66 |      0 |      0 |      0 |   1 |   66.0 |
       Ossuary |    524 |    524 |      0 |      0 |    260 |   1 |  524.0 |
               +--------+--------+--------+--------+--------+-----+--------+

Top non-repeatable levels by time:
    D:10: 1133 daAuts
     D:8: 1020 daAuts
     D:3: 916 daAuts
     D:2: 889 daAuts
     D:1: 840 daAuts
     D:9: 741 daAuts
     D:7: 663 daAuts
     D:4: 644 daAuts
     D:6: 644 daAuts
     D:5: 630 daAuts
 Ossuary: 524 daAuts
    D:11: 233 daAuts
   Trove: 66 daAuts
